 Dungeon Crawl Stone Soup version 0.31-a0-460-g9e667d4245 (webtiles) character file.

Game seed: 4008869303164442500

26 MisterAzrael the Vexing (level 2, 0/16 HPs)
             Began as a Deep Elf Hexslinger on Aug 4, 2023.
             Slain by a goblin
             ... wielding a +0 club
              (4 damage)
             ... on level 2 of the Dungeon.
             The game lasted 00:01:24 (873 turns).

MisterAzrael the Vexing (Deep Elf Hexslinger)        Turns: 873, Time: 00:01:24

Health: 0/16       AC:  2    Str:  5    XL:     2   Next: 89%
Magic:  3/7        EV: 13    Int: 17    God:
Gold:   34         SH:  0    Dex: 17    Spells: 3/5 levels left

rFire   . . .        a - +1 sling
rCold   . . .        (no shield)
rNeg    . . .        c - +0 robe
rPois   .            (no helmet)
rElec   .            (no cloak)
rCorr   .            (no gloves)
SInv    .            (no boots)
Will    .....        (no amulet)
Stlth   ++           (no ring)
HPRegen 0.22/turn    (no ring)
MPRegen 0.10/turn

%: no passive effects
@: no status effects
A: no striking features
a: no special abilities


You were on level 2 of the Dungeon.
You visited 1 branch of the dungeon, and saw 2 of its levels.

You collected 34 gold pieces.

Inventory:

Hand Weapons
 a - a +1 sling (weapon)
Missiles
 g - 5 poisoned darts
Armour
 c - a +0 robe (worn)
Scrolls
 b - a scroll of poison
 d - a scroll of identify {unknown}
 e - 2 scrolls of teleportation {unknown}
 f - a scroll of enchant weapon {unknown}
Potions
 h - a potion of curing {unknown}


   Skills:
 + Level 1.1 Fighting
 * Level 3.1 Ranged Weapons
 + Level 2.8 Dodging
 + Level 2.1 Spellcasting
 * Level 4.4 Hexes


You had 3 spell levels left.
You knew the following spells:

 Your Spells              Type           Power      Damage    Failure   Level
a - Slow                  Hex            64%        N/A       3%          1
b - Shock                 Conj/Air       4%         1d3       19%         1

Your spell library contained the following spells:

 Spells                   Type           Power      Damage    Failure   Level
 Inner Flame              Hex/Fire       9%         N/A       22%         3
 Portal Projectile        Hex/Tloc       18%        N/A       22%         3
 Swiftness                Air            1%         N/A       50%         3
 Cause Fear               Hex            8%         N/A       30%         4
 Airstrike                Air            0%         2d(1-17)  88%         4


Dungeon Overview and Level Annotations

Branches:
Dungeon (2/15)

Altars:


Message History

The worm is severely wounded.
The worm misses you.
You shoot a sling bullet.
The sling bullet barely misses the worm.
The goblin closely misses you.
You shoot a sling bullet. The sling bullet hits the worm.
The worm is severely wounded.
The goblin misses you. The worm bites you. The goblin attacks as you move away!
The goblin completely misses you. The worm bites you but does no damage.
Unknown command.
The worm seems to slow down.
The goblin misses you. The worm barely misses you.
The worm resists with significant effort.
The goblin hits you but does no damage.
Aiming: Slow (safe; 3% risk of failure)
Press: ? - help, Q - select action, (/) - cycle Shift-Dir - straight line, f - goblin, p - worm
Aim: a goblin, wielding a +0 club (chance to affect: 67%)
Okay, then.
Okay, then.
Aiming: Slow (safe; 3% risk of failure)
Press: ? - help, Q - select action, (/) - cycle Shift-Dir - straight line, f - goblin, p - worm
Aim: a goblin, wielding a +0 club (chance to affect: 67%)
The goblin struggles to resist.
The goblin barely misses you.
Aiming: Slow (safe; 3% risk of failure)
Press: ? - help, Q - select action, (/) - cycle Shift-Dir - straight line, f - worm, p - goblin
Aim: a worm (heavily wounded, chance to affect: 58%)
The worm resists with significant effort.
The goblin hits you with a +0 club. The worm bites you!
Ouch! That really hurt!
* * * LOW HITPOINT WARNING * * *
You see here an adder corpse.
The goblin attacks as you move away! The goblin hits you with a +0 club.
You die...

#.# #..#.# #...+.# ##....#.#
##.... #.# ##.... #.# ....
#.## ##### +#######'#####..#
..... .........ww.g@..#
########
..#.###...###.(.######♣P♣P♣P8P
........### #.####............
..#.##### #.####.###♣P♣P♣P8P
#.......# ######## #.#######
)..# #####


You could see 2 worms and a goblin.

Vanquished Creatures
  An adder (D:2)
  A dart slug (D:1)
  2 goblins (D:1)
  A hobgoblin (D:1)
  3 kobolds (D:1)
  2 quokkas (D:1)
  2 ball pythons (D:1)
  4 rats (D:1)
16 creatures vanquished.

Notes
Turn   | Place    | Note
-------+----------+-------------------------------------------
     0 | D:1      | MisterAzrael the Deep Elf Hexslinger began the quest for
                  | the Orb.
     0 | D:1      | Reached XP level 1. HP: 11/11 MP: 5/5
   147 | D:1      | Reached skill level 1 in Fighting
   153 | D:1      | Reached XP level 2. HP: 16/16 MP: 6/6
   490 | D:1      | Learned a level 1 spell: Shock
   873 | D:2      | Slain by a goblin

Illustrated notes

Levels and vault maps discovered:
D:1:      onia_arrival_mini_spirals, layout_basic
D:2:      layout_loops_ring, dilly_ecumenical_altar_fadedgnrine,
          dreamdust_princess_corridor, minmay_quadrilaterals

Skill      XL: |  1  2 |
---------------+-------+-----
Fighting       | 1 |  1.1
Spellcasting   | 2 |  2.1
Ranged Weapons | 3 |  3.1
Dodging        | |  2.8
Hexes          | |  4.4

Action                     || total
---------------------------++-------
   Fire: Sling             ||    44
   Cast: Slow              ||    10
 Armour: Robe              ||     3
  Dodge: Dodged            ||    12

Table legend: (Time is in decaauts)
 A = Elapsed time spent in this place.
 B = Non-inter-level travel time spent in this place.
 C = Inter-level travel time spent in this place.
 D = Time resting spent in this place.
 E = Time spent auto-exploring this place.
 F = Levels seen in this place.
 G = Mean time per level.
                   A        B        C        D        E       F      G
               +--------+--------+--------+--------+--------+-----+--------+
         Total |    884 |    855 |     29 |      0 |    738 |   2 |  442.0 |
       Dungeon |    884 |    855 |     29 |      0 |    738 |   2 |  442.0 |
               +--------+--------+--------+--------+--------+-----+--------+

Top non-repeatable levels by time:
     D:1: 748 daAuts
     D:2: 135 daAuts
